 Dungeon Crawl Stone Soup version 0.25-a0-566-g062765be81 (webtiles) character file.

Game seed: 1571811965926841824, levelgen mode: deterministic

394 Delarado the Ruffian (level 6, 0/42 HPs)
             Began as an Octopode Fighter on Feb 28, 2020.
             Slain by a phantom (7 damage)
             ... on level 4 of the Dungeon.
             The game lasted 00:08:49 (3872 turns).

Delarado the Ruffian (Octopode Fighter)             Turns: 3872, Time: 00:08:50

Health: 0/42       AC:  1    Str: 18    XL:     6   Next: 81%
Magic:  6/6        EV: 11    Int: 10    God:
Gold:   119        SH:  9    Dex: 11    Spells: 5/5 levels left

rFire    . . .     SeeInvis .     - Unarmed
rCold    . . .     Gourm    .   a - +0 kite shield
rNeg     . . .     Faith    .   (helmet restricted)
rPois    .         Spirit   .   (no amulet)
rElec    .         Reflect  .   (no ring)
rCorr    .         Harm     .   (no ring)
MR       .....                  (no ring)
Stlth    ++........             (no ring)
HPRegen  0.14/turn              (no ring)
MPRegen  0.10/turn              (no ring)
                                (no ring)
                                (no ring)

@: no status effects
A: almost no armour, stealthy swim, amphibious, 8 rings, constrict 8, camouflage
1, gelatinous body 1
a: no special abilities


You were on level 4 of the Dungeon.
You were not hungry.

You visited 1 branch of the dungeon, and saw 4 of its levels.

You collected 119 gold pieces.

Inventory:

Missiles
 e - 104 arrows
 h - 175 stones
 i - 6 boomerangs of dispersal
 l - 8 poisoned darts (quivered)
Armour
 a - a +0 kite shield (worn)
 q - a +0 tower shield
Scrolls
 d - 2 scrolls of enchant weapon
 k - a scroll of immolation
 m - 2 scrolls of blinking
 p - a scroll of teleportation
Potions
 b - a potion of might
 f - 2 potions of magic {unknown}
 g - a potion of degeneration
 n - a potion of flight
 o - a potion of resistance
 s - a potion of cancellation {unknown}
Comestibles
 c - 6 rations


   Skills:
 - Level 3.0 Fighting
 - Level 3.0 Dodging
 - Level 3.0 Shields
 + Level 7.1 Unarmed Combat


You had 5 spell levels left.
You didn't know any spells.
Your spell library was empty.

Dungeon Overview and Level Annotations

Branches:
Dungeon (4/15)
 Temple: D:4-7

Altars:
Fedhas


Innate Abilities, Weirdness & Mutations

You cannot wear most types of armour.
You are very stealthy in the water. (Stealth+)
You are amphibious.
You can wear up to eight rings at the same time.
You can use your tentacles to constrict eight enemies at once.
Your skin changes colour to match your surroundings (Stealth+).
Your rubbery body absorbs attacks. (AC +1, EV +1)


Message History

The phantom is moderately damaged.
You block the phantom's attack.
You closely miss the phantom.
The phantom is moderately damaged.
The phantom hits you!
You are too injured to fight recklessly!
You bludgeon the phantom!
The phantom is heavily damaged.
The phantom hits you.
You tentacle-slap the phantom but do no damage.
The phantom is heavily damaged.
The phantom completely misses you.
You closely miss the phantom.
The phantom is heavily damaged.
The phantom hits you.
* * * LOW HITPOINT WARNING * * *
You bludgeon the phantom! You squeeze the phantom.
The phantom is almost destroyed.
The phantom hits you!
You die...

W.....#....#####.......#
#.....#....# #########
##'####....#
...........######
................#
................########
.......................#
.......................#
...............W@......#
.......................#
#################'######
# ..............#.....#
#...............#.....#
#..............##.....#
#..............##.....#
#...##.....##..#......#
#...##.....##..#......#


You could see a phantom.

Vanquished Creatures
  A bullfrog (D:3)
  A howler monkey (D:4)
  2 orc priests (D:3)
  An iguana (D:4)
  An orc wizard (D:4)
  A worker ant (D:4)
  8 adders
  2 oozes
  An adder skeleton (D:4)
  4 worms
  A dart slug (D:1)
  A leopard gecko (D:4)
  5 orcs
  3 ball pythons
  2 giant cockroaches
  6 goblins
  5 hobgoblins
  3 jackals (D:3)
  3 quokkas
  5 bats
  3 frilled lizards
  5 kobolds
  2 rats
66 creatures vanquished.

Notes
Turn   | Place    | Note
-------+----------+-------------------------------------------
     0 | D:1      | Delarado the Octopode Fighter began the quest for the Orb.
     0 | D:1      | Reached XP level 1. HP: 16/16 MP: 1/1
   268 | D:1      | Reached XP level 2. HP: 18/21 MP: 2/2
   675 | D:2      | Reached skill level 3 in Unarmed Combat
   933 | D:2      | Reached XP level 3. HP: 15/26 MP: 3/3
  1708 | D:3      | Reached skill level 4 in Unarmed Combat
  1791 | D:3      | Reached XP level 4. HP: 26/31 MP: 4/4
  2164 | D:3      | Noticed a bullfrog
  2171 | D:3      | Killed a bullfrog
  2171 | D:3      | Reached skill level 5 in Unarmed Combat
  2171 | D:3      | Reached XP level 5. HP: 33/36 MP: 5/5
  2419 | D:3      | Reached skill level 6 in Unarmed Combat
  2904 | D:4      | Reached XP level 6. HP: 42/42 MP: 6/6
  3457 | D:4      | Found a blossoming altar of Fedhas.
  3591 | D:4      | Reached skill level 7 in Unarmed Combat
  3599 | D:4      | Noticed a phantom
  3872 | D:4      | Slain by a phantom

Levels and vault maps discovered:
D:1:      shiori_shiawase, layout_basic
D:2:      layout_basic
D:3:      layout_loops_ring
D:4:      layout_gridville, first_ration, fedhas_altar_fruit_tree

Skill      XL: |  1  2  3  4  5  6 |
---------------+-------------------+-----
Unarmed Combat | 3 4 5 6 7 |  7.1
Fighting       | |  3.0
Dodging        | |  3.0
Shields        | |  3.0

Action                   |  1- 3 |  4- 6 || total
-------------------------+-------+-------++-------
Melee: Unarmed           |    55 |    89 ||   144
       Constrict         |    18 |    25 ||    43
       Tentacles         |     7 |    24 ||    31
       Punch             |     2 |     2 ||     4
Throw: Dart              |    37 |    27 ||    64
  Use: Scroll            |     3 |     6 ||     9
 Stab: Sleeping          |     2 |     2 ||     4
  Eat: Chunk             |     3 |     5 ||     8
       Ration            |       |     1 ||     1
Armor: Skin              |     4 |     3 ||     7
Dodge: Dodged            |    23 |    23 ||    46
Block: Kite shield       |    25 |    16 ||    41
       Tower shield      |       |     9 ||     9

Table legend:
 A = Non-vault XP
 B = Vault XP
 C = Vault XP percentage of total XP
 D = Non-vault monster count
 E = Vault monster count
 F = Vault count percentage of total count
                 A         B        C        D         E       F
            +---------+---------+-------+---------+---------+-------
      Total |     563 |       0 |   0.0 |      66 |       0 |   0.0
            +---------+---------+-------+---------+---------+-------
        D:1 |      14 |       0 |   0.0 |       8 |       0 |   0.0
        D:2 |      32 |       0 |   0.0 |      13 |       0 |   0.0
        D:3 |     272 |       0 |   0.0 |      28 |       0 |   0.0
        D:4 |     245 |       0 |   0.0 |      17 |       0 |   0.0
            +---------+---------+-------+---------+---------+-------
